[Event "*** Titled Tuesday Blitz"]
[Site "Chess.com"]
[Date "2020.05.12"]
[Round "3"]
[White "SoltaniciR"]
[Black "archess2"]
[Result "1-0"]
[WhiteElo "2619"]
[BlackElo "2313"]
[TimeControl "180+1"]
[EndTime "10:28:59 PDT"]
[Termination "SoltaniciR won by resignation"]

1. e4 c6 2. c4 d5 3. exd5 cxd5 4. cxd5 Nf6 5. Qa4+ Nbd7 6. Nc3 g6 7. Nf3 Bg7 8.
Bc4 a6 9. Qa3 O-O 10. d3 b5 11.
Bxb5 Bb7 12. Bc6 Qb6 13. Be3 Qc7 14. O-O Bxc6 15. dxc6 Qxc6 16. Qxe7 Rfe8 17. Qa3 Ng4 18. Rfe1 Rac8 19. d4 Nxe3 20. Rxe3 Rxe3 21. fxe3 Bh6 22.
Re1 Re8 23. e4 Nf6 24. e5 Ng4 25. Qc5 Be3+ 26. Kf1 Qxc5 27. dxc5 Bxc5 28. Nd5 Rd8 29. Nf6+ Nxf6 30. exf6 h6 31. Rc1 Be3 32. Rc6 a5 33.
Ke2 Bf4 34. g3 Bd6 35. Ra6 Bb4 36. a3 Re8+ 37. Kd3 Bc5 38. Rxa5 Bb6 39. Rb5 Bf2 40. Ne5 Rd8+ 41. Ke4 Bd4 42. b4 Bxe5 43. Rxe5 g5 44.
b5 Kh7 45. Rc5 Kg6 46. Rc6 Ra8 47. Rc3 Kxf6 48. Kd5 Ke7 49. b6 Kd7 50. Rc7+ Kd8 51. Ra7 Rb8 52. Kc6 Rc8+ 53. Kb5 f5 54. a4 Ke8 55. a5 f4 56. gxf4 gxf4 57. b7 Rd8 58. Ra8 f3 59. Rxd8+ Kxd8 60. b8=Q+ Kd7 61. Qf4 1-0

[Event "*** Titled Tuesday Blitz"]
[Site "Chess.com"]
[Date "2020.05.12"]
[Round "3"]
[White "nonsopolo1"]
[Black "TrenerChos"]
[Result "0-1"]
[WhiteElo "2169"]
[BlackElo "2393"]
[TimeControl "180+1"]
[EndTime "10:28:59 PDT"]
[Termination "TrenerChos won on time"]

1. e4 d5 2. exd5 Nf6 3. Nc3 Nxd5 4. Bc4 c6 5. Qf3 e6 6. Nge2 Be7 7. O-O O-O 8. d4 Nd7 9. a3 Re8 10. Bd3 Nf8 11.
Ne4 a5 12. Bd2 a4 13. c4 Nf6 14. Bc3 Nxe4 15. Qxe4 Bf6 16. Rad1 Qc7 17. f4 c5 18. d5 Bxc3 19. Nxc3 Bd7 20. Qf3 Qb6 21. Rf2 Rad8 22.
Rfd2 Qa5 23. h3 exd5 24. Nxd5 Bc6 25. Be4 Ne6 26. Qh5 h6 27. Qf5 g6 28. Qf6 Bxd5 29. Bxd5 Rd6 30. f5 gxf5 31. Qxh6 Qc7 32. Rd3 Ng7 33. Qg5 Kf8 34. h4 Rg6 35. Qd2 Qe5 36. Qf2 Nh5 37. Qxc5+ Kg8 38. Qf2 Nf4 39. Re3 Qxe3 40. Qxe3 Rxe3 41. Bxb7 Nxg2 42. Bxg2 Re2 43.
Rd8+ Kg7 0-1

[Event "*** Titled Tuesday Blitz"]
[Site "Chess.com"]
[Date "2020.05.12"]
[Round "3"]
[White "ErikRonka"]
[Black "DrVelja"]
[Result "0-1"]
[WhiteElo "2427"]
[BlackElo "2737"]
[TimeControl "180+1"]
[EndTime "10:29:00 PDT"]
[Termination "DrVelja won by resignation"]

1. e4 c5 2. Nf3 Nc6 3. d4 cxd4 4. Nxd4 Nf6 5. Nc3 e5 6. Ndb5 d6 7. Bg5 a6 8. Na3 b5 9. Bxf6 gxf6 10. Nd5 f5 11.
Bd3 Be6 12. c3 Bg7 13. Nxb5 axb5 14. Bxb5 Bd7 15. exf5 O-O 16. O-O e4 17. a4 Ne5 18.
Ne3 Bxb5 19. axb5 Rxa1 20. Qxa1 d5 21. Qa7 Nd3 22. Qb7 d4 23. Nd5 Qg5 24. f6 Bxf6 25.
Nxf6+ Qxf6 26. Qxe4 Nxb2 27. cxd4 Nc4 28. Rc1 Nd6 29.
Qg4+ Kh8 30. h3 Rg8 31. Qe2 Qxd4 32. Rd1 Qf6 33. b6 Rb8 34. Rb1 Qd4 35. Qf3 Rxb6 36. Rd1 Qe5 37. Qg4 Ne8 38. Qf3 Rf6 39. Qd3 Kg7 40.
Rf1 Rd6 41. Qf3 Rg6 42. Qd3 Nf6 43. g3 Nh5 44. Kg2 Nf4+ 0-1

[Event "*** Titled Tuesday Blitz"]
[Site "Chess.com"]
[Date "2020.05.12"]
[Round "3"]
[White "sopo-tereladze"]
[Black "Chessmasterzt"]
[Result "1-0"]
[WhiteElo "2394"]
[BlackElo "2557"]
[TimeControl "180+1"]
[EndTime "10:29:00 PDT"]
[Termination "sopo-tereladze won by resignation"]

1. e4 d5 2. exd5 Nf6 3. d4 Bg4 4. f3 Bf5 5. c4 e6 6. dxe6 Nc6 7. Be3 fxe6 8. a3 Qe7 9. Nc3 O-O-O 10. Nge2 e5 11.
d5 Nd4 12. Bxd4 exd4 13. Qxd4 Kb8 14. g4 Bc8 15. O-O-O Nd7 16. Nf4 Nc5 17. Kb1 Qh4 18.
Ka2 Bd6 19. Nd3 Nxd3 20. Bxd3 Rhf8 21. Rdf1 h5 22. Nb5 b6 23. Nxd6 cxd6 24. Qxg7 hxg4 25.
fxg4 Rxf1 26. Rxf1 Qh3 27. Qd4 Bxg4 28. Rf7 Bc8 29.
a4 Qxh2 30. a5 Qd2 31. axb6 Qa5+ 32. Kb3 axb6 33. Qc3 Qc5 34. Qb4 Re8 35. Qxc5 bxc5 36. Ka4 Re3 37. Bf5 Ba6 38. b3 Re2 39. Ka5 Bc8 40. Rf8 Ra2+ 41. Kb6 Ra6+ 42. Kb5 Ka7 43. Bxc8 Rb6+ 44. Ka5 Rxb3 45. Rf7+ Kb8 46. Bd7 Rb4 47. Bb5 Rb1 48. Kb6 Rf1 49. Rxf1 1-0

[Event "*** Titled Tuesday Blitz"]
[Site "Chess.com"]
[Date "2020.05.12"]
[Round "3"]
[White "OparinGrigoriy"]
[Black "GM_DarwinLaylo"]
[Result "1-0"]
[WhiteElo "2922"]
[BlackElo "2536"]
[TimeControl "180+1"]
[EndTime "10:29:01 PDT"]
[Termination "OparinGrigoriy won on time"]

1. Nf3 Nf6 2. g3 g6 3. Bg2 Bg7 4. c4 c6 5. b3 d5 6. Bb2 O-O 7. O-O a5 8. Nc3 Bg4 9. d3 Bxf3 10. Bxf3 e6 11. e3 Na6 12. d4 Re8 13. Qe2 Qe7 14.
Rfd1 Rab8 15. Bg2 Qd7 16. Rac1 b5 17. cxb5 cxb5 18. Bf1 Nc7 19. Rc2 Rb7 20. Rdc1 Reb8 21. Qe1 Bf8 22. Ne2 Bb4 23. Qd1 a4 24. Nf4 axb3 25.
axb3 Bd6 26. Nd3 Qe7 27. Nc5 Rb6 28. b4 Ne4 29. f3 Nf6 30. Ra1 Nce8 31. Bc3 h5 32.
Rca2 h4 33. Ra7 Qf8 34. g4 Qh6 35. Bd2 g5 36. Bd3 h3 37. Qe2 Qh4 38. Be1 Qh6 39.
Bf2 e5 40. dxe5 Bxe5 41. Rd1 Ng7 42. Bc2 Ne6 43. Bb3 Nxc5 44. bxc5 Rc6 45. e4 Re8 46.
Bxd5 Nxd5 47. Rxd5 Qf6 48. Bg3 Bxg3 49. hxg3 1-0

[Event "*** Titled Tuesday Blitz"]
[Site "Chess.com"]
[Date "2020.05.12"]
[Round "3"]
[White "karinachess1"]
[Black "LikeWater"]
[Result "0-1"]
[WhiteElo "2466"]
[BlackElo "2695"]
[TimeControl "180+1"]
[EndTime "10:29:01 PDT"]
[Termination "LikeWater won on time"]

1. e4 c5 2. Nf3 e6 3. d4 cxd4 4. Nxd4 Nc6 5. Nc3 Qc7 6. Be2 Nf6 7.
O-O Be7 8. Ndb5 Qb8 9. f4 d6 10. Be3 O-O 11. Kh1 a6 12. Nd4 Qc7 13. Qe1 Bd7 14.
Qg3 Kh8 15. Bd3 e5 16. Nxc6 Bxc6 17. fxe5 dxe5 18. Rf5 b5 19. a3 b4 20. axb4 Bxb4 21. Qh4 Be7 22. Bg5 Ng8 23. Raf1 Bxg5 24. Qxg5 Rab8 25. Nd5 Bxd5 26. exd5 f6 27. Qh4 g6 28. R5f2 f5 29. b3 e4 30. Bc4 Qg7 31. Rd1 Rbd8 32.
Qf4 Nf6 33. Rfd2 Ng4 34. d6 Ne5 35. Bxa6 Nc6 36. Be2 Ne5 37. c4 Rfe8 38. c5 Qf6 39.
b4 g5 40. Qf1 f4 41. c6 Nxc6 42. Bb5 Ne5 43. Bxe8 Rxe8 44. d7 Rd8 45. Qb5 Ng4 46.
Qc5 Kg7 47. Qc7 e3 48. Re2 Nf2+ 49. Rxf2 exf2 0-1

[Event "*** Titled Tuesday Blitz"]
[Site "Chess.com"]
[Date "2020.05.12"]
[Round "3"]
[White "KuzubovYuriy"]
[Black "Oleksandr_Bortnyk"]
[Result "0-1"]
[WhiteElo "2671"]
[BlackElo "2979"]
[TimeControl "180+1"]
[EndTime "10:29:02 PDT"]
[Termination "Oleksandr_Bortnyk won on time"]

1. d4 d6 2. c4 e5 3. Nc3 exd4 4. Qxd4 Nc6 5. Qd2 g6 6. g3 Bg7 7. Bg2 Nf6 8. Nh3 O-O 9. Nf4 Re8 10. O-O a5 11. Ncd5 Ne4 12. Qd1 Nc5 13. Nd3 Nxd3 14. Qxd3 Ne5 15. Qc2 c6 16. Nf4 a4 17. Bd2 Qb6 18. Bc3 Bf5 19. e4 Bg4 20. Kh1 Qc5 21. b3 b5 22. h3 Bd7 23. Bxe5 Qxe5 24. Rad1 axb3 25. axb3 bxc4 26. bxc4 Reb8 27. c5 Rb2 28. Qc1 Rba2 29. cxd6 h5 30. Nd3 Qf6 31. e5 Qf5 32.
Nc5 Bxe5 33. Nxd7 Qxd7 34. Qxc6 Qxc6 35. Bxc6 Rd8 36. d7 Kg7 37. h4 Bc7 38. Rd3 Bb6 39. Kg2 Rc2 40. Bb5 Rc5 41. Ba4 Rc4 42. Bb3 Rc7 43.
Rfd1 Rc5 44. Rf3 f5 45. Re3 Rc6 46. Re7+ Kh6 47. Re8 Rf6 48. Ba4 f4 49. Rd5 fxg3 50. fxg3 Rf2+ 51. Kh3 Ra2 0-1

[Event "*** Titled Tuesday Blitz"]
[Site "Chess.com"]
[Date "2020.05.12"]
[Round "3"]
[White "bancsoo"]
[Black "TargetA"]
[Result "1-0"]
[WhiteElo "2759"]
[BlackElo "2563"]
[TimeControl "180+1"]
[EndTime "10:29:03 PDT"]
[Termination "bancsoo won by resignation"]

1. d4 Nf6 2. Nf3 g6 3. g3 Bg7 4. Bg2 O-O 5. O-O d6 6. c4 Nc6 7. Nc3 Nd7 8. Be3 e5 9. dxe5 Ndxe5 10. Nxe5 Nxe5 11. Qb3 Be6 12. Bd5 c6 13. Bxe6 fxe6 14. Rad1 Qc7 15. Bf4 d5 16. cxd5 exd5 17. Bxe5 Bxe5 18.
e4 Bxc3 19. bxc3 Rac8 20. exd5 cxd5 21. Rxd5 Qf7 22. c4 Rc6 23. f4 Rfc8 24. Rfd1 Rxc4 25. Rd7 Qe6 26. Qxb7 Qe3+ 27. Kh1 Qe4+ 28. Qxe4 Rxe4 29. Rxa7 Re2 30. Kg1 Kf8 31. h4 h5 32. a4 Ke8 33.
Kf1 Rcc2 34. Re1 Rxe1+ 35. Kxe1 Rg2 36. a5 Rxg3 37. a6 Ra3 38. Kf2 Kf8 39. Ke2 Kg8 40. Kd2 Kh8 41. Kc2 Ra4 42. Kb3 Rxf4 43. Rb7 Rf6 44.
a7 Ra6 45. Rb8+ Kg7 46. a8=Q Rxa8 47. Rxa8 g5 48. hxg5 Kg6 49. Kc4 Kxg5 50. Kd3 Kg4 51. Ke2 Kh3 52. Kf2 h4 53. Rg8 Kh2 54. Rg4 h3 55. Rg3 1-0

[Event "*** Titled Tuesday Blitz"]
[Site "Chess.com"]
[Date "2020.05.12"]
[Round "3"]
[White "Alexander_Donchenko"]
[Black "White_Ghost"]
[Result "1/2-1/2"]
[WhiteElo "2730"]
[BlackElo "2437"]
[TimeControl "180+1"]
[EndTime "10:29:03 PDT"]
[Termination "Game drawn - insufficient material"]

1. e4 e5 2. Nf3 Nc6 3. Bb5 a6 4. Ba4 b5 5. Bb3 Na5 6. Nxe5 Nxb3 7. axb3 Qe7 8. d4 d6 9. Nf3 Qxe4+ 10. Be3 Bb7 11.
O-O Be7 12. Re1 Qg6 13. d5 Nf6 14. c4 O-O 15. Nc3 bxc4 16. bxc4 Ng4 17. Bd4 Bf6 18.
h3 Bxd4 19. Qxd4 Nf6 20. b4 Rfe8 21. b5 a5 22. Rxe8+ Rxe8 23. Rxa5 Bc8 24. Ra8 Bxh3 25. Rxe8+ Nxe8 26. Nh4 Qg5 27. Qe3 Qxe3 28. fxe3 Bd7 29.
e4 Nf6 30. e5 dxe5 31. c5 Kf8 32. d6 cxd6 33. c6 Bxc6 34. bxc6 Ke7 35. Nf5+ Kd8 36. Nb5 Ne8 37. Nfxd6 Nxd6 38. Nxd6 Kc7 39. Nxf7 Kxc6 40.
Nxe5+ Kd5 41. Nf3 Ke4 42. Kf2 Kf4 43. g3+ Kg4 44. Kg2 g5 45. Nh2+ Kf5 46. Kf3 h5 47.
Nf1 g4+ 48. Ke3 Kg5 49. Nd2 h4 50. Ne4+ Kh5 51. Nf6+ Kg5 52. Nh7+ Kh5 53. Nf6+ Kg5 54.
Nxg4 Kxg4 55. gxh4 Kxh4 1/2-1/2

[Event "*** Titled Tuesday Blitz"]
[Site "Chess.com"]
[Date "2020.05.12"]
[Round "3"]
[White "Drags95"]
[Black "MathiasWomacka"]
[Result "0-1"]
[WhiteElo "2715"]
[BlackElo "2443"]
[TimeControl "180+1"]
[EndTime "10:29:03 PDT"]
[Termination "MathiasWomacka won on time"]

1. d4 Nf6 2. c4 e6 3. Nf3 Bb4+ 4. Bd2 Qe7 5. g3 Bxd2+ 6. Nbxd2 d6 7. Bg2 e5 8. O-O O-O 9. Rc1 e4 10. Ng5 e3 11.
Nde4 Nxe4 12. Nxe4 exf2+ 13. Rxf2 Nc6 14. Qd2 Bg4 15. Nc3 Rae8 16. Nd5 Qd8 17. Rcf1 Bh5 18. b4 Bg6 19. b5 Ne7 20. Nf4 c6 21. bxc6 bxc6 22.
Nxg6 hxg6 23. g4 Qb6 24. h3 f5 25. Kh1 fxg4 26. hxg4 Rxf2 27. Rxf2 g5 28. e3 Ng6 29.
Qd3 Nh4 30. Be4 Qc7 31. Bh7+ Kh8 32. Bg6 Rb8 33. Qe4 Qd7 34. Bf5 Nxf5 35. gxf5 Re8 36. Qf3 Qe7 37. Rh2+ Kg8 38. Re2 Qf7 39. Kg2 Qxc4 40.
f6 Qe6 41. fxg7 Kxg7 42. Qg3 Qg6 43. e4 Rxe4 44. Rf2 Rxd4 45. Qc3 c5 46. Qb2 Qe4+ 47.
Kg1 Kg6 48. Qb3 Qg4+ 49. Rg2 Rd1+ 50. Kf2 Qf4+ 51. Ke2 Rd2+ 52. Ke1 Rxg2 53. Qg8+ Kh5 0-1

[Event "*** Titled Tuesday Blitz"]
[Site "Chess.com"]
[Date "2020.05.12"]
[Round "3"]
[White "Diego_FloresQ"]
[Black "nubair1198"]
[Result "1-0"]
[WhiteElo "2439"]
[BlackElo "2698"]
[TimeControl "180+1"]
[EndTime "10:29:03 PDT"]
[Termination "Diego_FloresQ won on time"]

1. e4 g6 2. d4 Bg7 3. Nc3 c6 4.
f4 d5 5. e5 Nh6 6. Nf3 f6 7. Be3 O-O 8. h3 fxe5 9. dxe5 Nf5 10. Bf2 e6 11. Bd3 Nd7 12. Ne2 Qa5+ 13. c3 Nc5 14.
Bc2 Ne4 15. O-O Nxf2 16. Rxf2 Ne3 17. Qd2 Nxc2 18. Qxc2 c5 19. c4 Bd7 20. Nc3 Bc6 21. Ng5 Rae8 22. Nxe6 d4 23. Nxg7 Kxg7 24. Nd5 Qd8 25.
Nf6 Rxf6 26. exf6+ Qxf6 27. Qd2 Qe6 28. f5 Qe3 29.
fxg6 hxg6 30. Qxe3 Rxe3 31. Rd2 g5 32. Kf2 g4 33. hxg4 Re4 34. Re1 Rxg4 35. Kg1 Kf7 36. b3 a5 37. Rf2+ Kg6 38. Re5 Rg5 39. Rxg5+ Kxg5 40.
Kf1 Be4 41. Ke2 Kg4 42. Kd2 Kg3 43. Rf8 Kxg2 44. Rc8 Bc6 45. Ra8 a4 46. bxa4 Kf3 47.
Rh8 Bxa4 48. Rh5 b6 49. Rh6 b5 50. cxb5 c4 51. b6 1-0

[Event "*** Titled Tuesday Blitz"]
[Site "Chess.com"]
[Date "2020.05.12"]
[Round "3"]
[White "willc-h99"]
[Black "GMartin_Petrov"]
[Result "0-1"]
[WhiteElo "2384"]
[BlackElo "2583"]
[TimeControl "180+1"]
[EndTime "10:29:03 PDT"]
[Termination "GMartin_Petrov won on time"]

1. c4 Nf6 2. g3 e6 3. Bg2 d5 4.
Nf3 Be7 5. O-O O-O 6. b3 c5 7. cxd5 Nxd5 8. Bb2 Nc6 9. d4 cxd4 10. Nxd4 Nxd4 11.
Qxd4 Bf6 12. Qd2 Bxb2 13. Qxb2 Bd7 14. Bxd5 exd5 15. Rd1 Bc6 16. Qd4 Re8 17. Nc3 Qe7 18. e3 Qe6 19. Rd2 a6 20. Ne2 Rad8 21. Rad1 h6 22.
Qf4 g5 23. Qd4 Qf5 24. Nc3 Qf3 25. Rd3 h5 26. h4 gxh4 27. Qxh4 Qf5 28. Rd4 Rd6 29.
Ne2 Rg6 30. Nf4 Rg4 31. Qxh5 Rxf4 32. Qh6 Rxd4 33. Rxd4 Re4 34. Rd1 Rg4 35. Kg2 d4+ 36.
Kf1 Qf3 37. Rxd4 Rxd4 38. Qg5+ Kf8 39. Qc5+ Kg8 40. Qg5+ Kf8 41. Qc5+ Ke8 42. Qxd4 Qh1+ 43. Ke2 Bf3+ 44. Kd2 Qd1+ 45. Kc3 Qxd4+ 46. Kxd4 Ke7 47. Ke5 f6+ 48. Kd4 Ke6 49. b4 b6 50. a3 Kf5 0-1

[Event "*** Titled Tuesday Blitz"]
[Site "Chess.com"]
[Date "2020.05.12"]
[Round "3"]
[White "Vuk2000"]
[Black "crescentmoon2411"]
[Result "1-0"]
[WhiteElo "2631"]
[BlackElo "2797"]
[TimeControl "180+1"]
[EndTime "10:29:04 PDT"]
[Termination "Vuk2000 won by resignation"]

1. e4 c5 2. Nc3 Nc6 3. g3 g6 4. d3 Bg7 5. Be3 d6 6. Qd2 Nf6 7. Bh6 Bxh6 8. Qxh6 Nd4 9. Qd2 h5 10. h3 e5 11. Bg2 h4 12. g4 Be6 13. Nce2 Nd7 14. f4 exf4 15. Nxf4 Ne5 16. c3 Ndc6 17. Nge2 g5 18. Nxe6 fxe6 19. O-O Ng6 20. d4 cxd4 21. cxd4 Rf8 22. e5 dxe5 23. Bxc6+ bxc6 24. Qc2 Nf4 25. Qxc6+ Ke7 26. Qc5+ Qd6 27. Nxf4 Rxf4 28.
Rxf4 gxf4 29. Qxe5 Qxe5 30. dxe5 Rc8 31. Rf1 Rc4 32.
Kg2 Kf7 33. Kf3 Kg6 34. Rd1 Rc2 35. Kxf4 Rxb2 36. Rd6 Rb4+ 37. Kf3 Ra4 38. Rxe6+ Kg5 39. Re8 Rxa2 40. Rg8+ Kh6 41. Rh8+ Kg7 42. Rxh4 a5 43. Rh5 a4 44. e6 Kf6 45. Re5 Ke7 46. h4 a3 47. h5 Ra1 48. Ra5 Kxe6 49. Kf4 a2 50. Kg5 1-0

[Event "*** Titled Tuesday Blitz"]
[Site "Chess.com"]
[Date "2020.05.12"]
[Round "3"]
[White "Kezin_Roman"]
[Black "IljaJoke"]
[Result "1-0"]
[WhiteElo "2785"]
[BlackElo "2519"]
[TimeControl "180+1"]
[EndTime "10:29:04 PDT"]
[Termination "Kezin_Roman won on time"]

1. d4 Nf6 2. c4 g6 3. Nc3 d5 4. Nf3 Bg7 5. Bg5 Ne4 6. Bh4 Nxc3 7. bxc3 dxc4 8. Qa4+ Qd7 9. Qxc4 b6 10. e3 Ba6 11.
Qb3 Bxf1 12. Kxf1 c5 13. Ke2 O-O 14. Rhd1 Nc6 15. Rac1 Na5 16. Qb1 cxd4 17. cxd4 Rac8 18. Kf1 Qe6 19. d5 Qd7 20. e4 Rc4 21. Rxc4 Nxc4 22.
Qb4 Nd6 23. Rc1 Rc8 24. Rxc8+ Qxc8 25. Bg5 h6 26. Bf4 Qc2 27. Bxd6 exd6 28. g3 h5 29. Kg2 a5 30. Qxd6 Qxe4 31. Qd8+ Kh7 32. d6 Qd5 33. d7 g5 34. Qe7 g4 35. d8=Q gxf3+ 36. Kg1 Qxa2 37. Qd3+ Kg8 38. Qxf3 Qb1+ 39. Kg2 Qg6 40.
Qee4 Qd6 41. Qa8+ Kh7 42. Qad5 Qf6 43. Qfxh5+ Kg8 44. Qhf3 Qg6 45. Qd8+ Kh7 46. Qh4+ Kg8 47. Qhe4 Qd6 48. Qff5 a4 49. Qe8+ Bf8 50. Qexf7+ 1-0

[Event "*** Titled Tuesday Blitz"]
[Site "Chess.com"]
[Date "2020.05.12"]
[Round "3"]
[White "SharapovEvgeny"]
[Black "MilanovicDan"]
[Result "0-1"]
[WhiteElo "2374"]
[BlackElo "2570"]
[TimeControl "180+1"]
[EndTime "10:29:05 PDT"]
[Termination "MilanovicDan won by resignation"]

1. e4 d5 2. exd5 Qxd5 3. Nc3 Qd6 4. d4 Nf6 5. Nf3 c6 6. Be3 Bg4 7. Qd2 Bxf3 8. gxf3 e6 9. O-O-O Nbd7 10. Ne4 Qb4 11. c3 Qa4 12. Kb1 Be7 13. Bd3 O-O-O 14. Rhg1 g6 15. Qc2 Qxc2+ 16. Kxc2 Nd5 17. a3 e5 18. c4 Nxe3+ 19. fxe3 f5 20. Ng5 Bxg5 21. Rxg5 exd4 22. exd4 Nf6 23. Kc3 Rhe8 24. Rgg1 Re3 25. Rgf1 Rde8 26. Kd2 Kc7 27. Rde1 Rxe1 28. Rxe1 Rxe1 29. Kxe1 Kd6 30. f4 Nh5 31. Kf2 Nxf4 32. Bf1 Ne6 33. Ke3 b6 34. b4 Nc7 35. h4 b5 36. c5+ Ke6 37. Bg2 Nd5+ 38.
Kf2 h6 39. Bf3 Ne7 40. Ke3 Nd5+ 41. Kf2 a6 42. Bg2 g5 43. hxg5 hxg5 44. Kg3 Ne7 45. Bh1 Kf6 46. Bg2 Kg6 47. Bf3 Kf6 48. Bg2 Kg6 49.
Bh1 Kh5 50. Bg2 f4+ 51. Kf3 Kh4 52. Bf1 Nd5 53. Ke4 g4 54. Ke5 f3 55. Ke4 Kg3 56.
a4 Kf2 57. axb5 axb5 58. Bxb5 Nc3+ 59. Kf4 Nxb5 60. Kxg4 Ke2 61. d5 f2 62. dxc6 f1=Q 63. c7 Qf8 64. c6 Qc8+ 65. Kf4 Qxc7+ 66. Ke4 Qxc6+ 67. Ke5 Qd6+ 68. Kf5 Qd4 0-1

[Event "*** Titled Tuesday Blitz"]
[Site "Chess.com"]
[Date "2020.05.12"]
[Round "3"]
[White "doons21"]
[Black "Piotrek1979"]
[Result "0-1"]
[WhiteElo "2514"]
[BlackElo "2341"]
[TimeControl "180+1"]
[EndTime "10:29:05 PDT"]
[Termination "Piotrek1979 won by resignation"]

1. e4 c6 2. d4 d5 3. f3 dxe4 4. fxe4 e5 5. Nf3 Nf6 6. Bc4 exd4 7. O-O Be7 8. e5 Nd5 9. Qxd4 Be6 10. Qe4 Nd7 11.
Kh1 b5 12. Bb3 Nc5 13. Qe2 Nxb3 14. axb3 O-O 15. Nbd2 Nf4 16. Qe4 Nd5 17. Rf2 Qb6 18. Re2 g6 19. Nd4 c5 20. Nxe6 fxe6 21. Nf3 Rf5 22.
c4 Nc7 23. Bd2 b4 24. Bh6 Rd8 25. Rae1 Ne8 26. h4 Ng7 27. Qg4 Rf7 28. Ng5 Bxg5 29.
Bxg5 Rdd7 30. Bf6 Nh5 31. Rf2 Qc6 32. Ref1 a5 33. Qg5 Qe4 34. Kh2 Rd3 35. Rf3 Rd4 36.
Rh3 Qg4 37. Qxg4 Rxg4 38. Rd1 Nxf6 39. exf6 Rxf6 40. Rd8+ Kg7 41. Ra8 Rf2 42. Rg3 Rxh4+ 43. Kg1 Rxb2 44. Rxa5 Rd4 45. Rxc5 Rd1+ 46. Kh2 Rc1 47.
Rc7+ Kf6 48. Rxh7 Rc3 49. Rhh3 Rbxb3 50. Rxc3 Rxc3 51. Rh8 b3 52. Rf8+ Ke5 53. Rb8 Kd4 54. g4 Kxc4 55. Kg2 Kd3 56. Kf3 Kc2+ 57. Kf4 Rc5 58.
Ke4 b2 59. Rb5 Rxb5 0-1

[Event "*** Titled Tuesday Blitz"]
[Site "Chess.com"]
[Date "2020.05.12"]
[Round "3"]
[White "BelaKis"]
[Black "ChessBitl"]
[Result "1-0"]
[WhiteElo "2094"]
[BlackElo "2311"]
[TimeControl "180+1"]
[EndTime "10:29:05 PDT"]
[Termination "BelaKis won on time"]

1. Nf3 d5 2. g3 c5 3. Bg2 Nc6 4. O-O Bf5 5. d3 e6 6. a3 Nf6 7.
Nbd2 h6 8. c4 Be7 9. b3 O-O 10.
Bb2 d4 11. b4 cxb4 12. Qa4 bxa3 13. Bxa3 Bxa3 14. Rxa3 Qd7 15. Nb3 e5 16. Nh4 Bg4 17.
Nc5 Qe7 18. Nxb7 Qxb7 19. Bxc6 Qc7 20. Bxa8 Rxa8 21. f3 Bh3 22. Rb1 g5 23. Ng2 h5 24.
Qa6 Kg7 25. Rb7 Qc5 26. Rxa7 Rxa7 27. Qxa7 Qb4 28. Ra1 Qd2 29. Qa2 Qc3 30. Qa5 Qc2 31. Qa2 Qc3 32. Rd1 h4 33. Qd2 Qxd2 34. Rxd2 hxg3 35. hxg3 Nd7 36. Rb2 Kf6 37. g4 Ke6 38.
Ne1 f5 39. gxf5+ Bxf5 40. Nc2 g4 41. fxg4 Bxg4 42. Kf2 Bf5 43. Ra2 Kd6 44. Ra6+ Kc5 45. Ra5+ Kd6 46. Na3 Bg4 47. Nb5+ Ke6 48. Ra6+ Ke7 49.
Rc6 Nb8 50. Rc7+ Nd7 51. e3 dxe3+ 52. Kxe3 Bf5 53. d4 exd4+ 54. Kxd4 Be6 55. c5 Kd8 56. c6 Nb6 57. Kc5 Nc8 58. Rg7 Bf5 59. Na7 Ne7 60.
Kd6 Bd7 61. c7+ Ke8 62. Rxe7+ 1-0

[Event "*** Titled Tuesday Blitz"]
[Site "Chess.com"]
[Date "2020.05.12"]
[Round "3"]
[White "IMinTheWings"]
[Black "MartinMatthiesen"]
[Result "1-0"]
[WhiteElo "2210"]
[BlackElo "2415"]
[TimeControl "180+1"]
[EndTime "10:29:06 PDT"]
[Termination "IMinTheWings won by resignation"]

1. c4 c5 2. Nf3 Nc6 3. d4 cxd4 4. Nxd4 Nf6 5. Nc3 e6 6. a3 Bc5 7. Nc2 d5 8. b4 Bb6 9. cxd5 exd5 10. e3 O-O 11.
Be2 d4 12. exd4 Nxd4 13. Nxd4 Qxd4 14. Qxd4 Bxd4 15. Bb2 Re8 16. Rd1 Be5 17. g3 Bg4 18. Rd2 Rac8 19. Nd1 Bxe2 20. Rxe2 Bxb2 21. Nxb2 Rc1+ 22.
Nd1 Rxe2+ 23. Kxe2 Ra1 24. Kd3 Rxa3+ 25. Nc3 Nd5 26. Rc1 Nxc3 27. Rxc3 Rxc3+ 28. Kxc3 Kf8 29. Kc4 Ke7 30. Kc5 Kd7 31. b5 Kc7 32. f4 b6+ 33. Kc4 Kb7 34. Kd5 a5 35. bxa6+ Kxa6 36. Kd6 b5 37. Ke7 b4 38. Kxf7 b3 39. Kxg7 b2 40. f5 b1=Q 41. f6 Qf5 42. f7 Qg5+ 43. Kxh7 Qf6 44.
Kg8 Qg6+ 45. Kh8 Kb7 46. f8=Q Qh5+ 47. Kg8 Qxh2 48. Qg7+ Kc6 49. g4 Qf4 50. g5 Qg4 51.
Qf6+ Kb7 52. g6 Qh3 53. g7 Ka7 54. Qf7+ Ka6 55. Kf8 Qc8+ 56. Ke7 Qc5+ 57. Kf6 Qf2+ 58. Kg6 Qg3+ 59. Kf5 Qf3+ 60. Ke6 Qb3+ 61. Ke7 Qb4+ 62. Ke8 Qb8+ 63. Ke7 Qb4+ 64. Kd7 Qb7+ 65. Ke6 Qb3+ 66. Kf6 Qf3+ 67. Kg6 Qg4+ 68. Kh6 Qh3+ 69. Qh5 Qd3 70. Qg6+ 1-0

[Event "*** Titled Tuesday Blitz"]
[Site "Chess.com"]
[Date "2020.05.12"]
[Round "3"]
[White "noblerone"]
[Black "marszach123"]
[Result "1-0"]
[WhiteElo "2413"]
[BlackElo "2182"]
[TimeControl "180+1"]
[EndTime "10:29:07 PDT"]
[Termination "noblerone won on time"]

1. d4 Nf6 2. Bg5 e6 3. Nd2 d5 4. e3 Be7 5. Bd3 h6 6. Bh4 c5 7. c3 Nc6 8. f4 b6 9. Ngf3 O-O 10. O-O Bb7 11. Ne5 Nd7 12. Bxe7 Nxe7 13. Rf2 f6 14. Nef3 cxd4 15. exd4 Qc7 16. Qe2 Qd6 17.
Re1 Kf7 18. Ne5+ Kg8 19. Nxd7 Qxd7 20. Qxe6+ Qxe6 21. Rxe6 Kf7 22. Rfe2 Rfe8 23. Kf2 Bc8 24. Bg6+ Kxg6 25. Rxe7 Rxe7 26. Rxe7 Bf5 27. h3 b5 28. g4 Bc2 29. f5+ Kh7 30. Rd7 a5 31. Rxd5 b4 32. c4 a4 33. c5 Rc8 34. Rd6 a3 35.
bxa3 bxa3 36. Nc4 Bd3 37. Nxa3 Ra8 38. c6 Rxa3 39. d5 Rc3 40. Rd7 Be4 41. c7 Bxd5 42. Rxd5 Rxc7 43. a4 Rc4 44. a5 Ra4 45. Ke2 Ra3 46.
h4 Kg8 47. Kd2 Kf7 48. Kc2 Ra4 49. Kb3 Rxg4 50. a6 Rg3+ 51. Kb4 Rg4+ 52. Kb5 Rxh4 53.
a7 1-0

[Event "*** Titled Tuesday Blitz"]
[Site "Chess.com"]
[Date "2020.05.12"]
[Round "3"]
[White "AndrewDGreen"]
[Black "mamonika"]
[Result "1-0"]
[WhiteElo "2288"]
[BlackElo "1961"]
[TimeControl "180+1"]
[EndTime "10:29:08 PDT"]
[Termination "AndrewDGreen won by resignation"]

1. d4 d5 2. Bf4 c5 3. e3 Nf6 4.
Nc3 cxd4 5. exd4 a6 6. Nf3 Nc6 7. Ne5 Bf5 8. g4 Bg6 9. g5 Ne4 10.
Nxg6 Nxc3 11. Qd3 hxg6 12. Qxc3 Rc8 13. Qd2 e6 14. c3 Bd6 15. Bd3 Bxf4 16. Qxf4 Qc7 17.
Qxc7 Rxc7 18. f4 Ke7 19. Kf2 Na5 20. Kg3 Nc4 21. Rab1 b5 22. h4 Nd6 23. Rh2 a5 24. a3 Rb7 25. b4 Ra8 26. h5 gxh5 27.
Rxh5 axb4 28. axb4 Ra3 29. Rc1 Rc7 30. Kf2 Rcxc3 31. Rxc3 Rxc3 32. Ke2 Rb3 33. Rh7 Nf5 34. Bxf5 exf5 35. Rxg7 Rxb4 36. Kd3 Rb3+ 37. Ke2 b4 38. g6 Kf6 39. Rxf7+ Kxg6 40. Rd7 Rb1 41. Rxd5 b3 42. Rb5 Kf6 43. Rb6+ Ke7 44. Kd3 Rf1 45. Ke3 Rb1 46. d5 b2 47. Kd2 Rh1 48. Rxb2 Rf1 49. Rb4 Rf2+ 50. Ke3 Rf1 51. Rb6 Re1+ 52. Kd4 Re2 53. Kc5 Re4 54. Rb4 Re1 55. d6+ Ke6 56. Rd4 Rc1+ 57.
Kb4 Rc6 58. d7 Rb6+ 59. Kc5 1-0

[Event "*** Titled Tuesday Blitz"]
[Site "Chess.com"]
[Date "2020.05.12"]
[Round "3"]
[White "GMSrinath"]
[Black "FMJoseHerrera"]
[Result "1-0"]
[WhiteElo "2819"]
[BlackElo "2616"]
[TimeControl "180+1"]
[EndTime "10:29:10 PDT"]
[Termination "GMSrinath won on time"]

1. Nf3 Nf6 2. c4 g6 3. b3 Bg7 4.
Bb2 d6 5. g3 h5 6. Bg2 c6 7.
Nc3 h4 8. Nxh4 Bg4 9. h3 Bd7 10. Nf3 Qc8 11. g4 a5 12. Qc2 Na6 13. a3 Nc5 14. d4 Ne6 15. e3 b5 16. Rc1 bxc4 17.
bxc4 Qa6 18. Nd2 Rb8 19. Ba1 Ng5 20. f4 Ne6 21. O-O Nc7 22. Rb1 Rc8 23. Nce4 O-O 24. Ng5 d5 25. Rfc1 dxc4 26. Nxc4 Ncd5 27. Ne5 Nxe3 28. Qb3 Nxg2 29. Ngxf7 Nd5 30. Kxg2 Qe2+ 31. Kg3 Be6 32. Ng5 Rxf4 33. Rc2 Qe3+ 34. Qxe3 Nxe3 35. Kxf4 Nxc2 36. Nxe6 Nxa1 37. Nxg7 Kxg7 38. Rxa1 c5 39. d5 c4 40. Rc1 c3 41. Rc2 Rc5 42. Ke4 Kf6 43.
Nd7+ 1-0